 Dungeon Crawl Stone Soup version 0.30.0-17-ge0270778cf (webtiles) character file.

Game seed: 12541157965359628133

133096 MacCMillion the Severer (level 16, -1/149 HPs)
             Began as a Minotaur Fighter on May 22, 2023.
             Was the Champion of Okawaru.
             Killed from afar by a shock serpent (16 damage)
             ... with a bolt of electricity
             ... on level 2 of the Snake Pit.
             The game lasted 01:11:03 (32094 turns).

MacCMillion the Severer (Minotaur Fighter)         Turns: 32094, Time: 01:11:04

Health: -1/149     AC: 32    Str: 28    XL:     16   Next: 59%
Magic:  24/24      EV:  9    Int: 12    God:    Okawaru [******]
Gold:   2801       SH: 15    Dex: 13    Spells: 15/15 levels left

rFire   + . .        R - +5 broad axe (freeze)
rCold   . . .        c - +2 kite shield {rPois}
rNeg    . . .        a - +4 plate armour
rPois   +            T - +2 hat {Will+}
rElec   .            A - +1 cloak "Olevvydulu" {Int+3 Stlth-}
rCorr   .            u - +1 pair of gloves of Trial and Error {Dex+2}
SInv    .            (no boots)
Will    ++...        S - amulet of regeneration Stlth
                     g - ring of Dazoupne {AC+4 Int+4}
HPRegen 1.24/turn    O - ring of protection from fire
MPRegen 0.19/turn

%: no passive effects
@: no status effects
A: horns 2, retaliatory headbutt
a: Renounce Religion, Heroism, Finesse, Duel


You were on level 2 of the Snake Pit.
You worshipped Okawaru.
Okawaru was exalted by your worship.
You visited 5 branches of the dungeon, and saw 25 of its levels.
You also visited: Bailey, Gauntlet and Ice Cave.

You collected 3852 gold pieces.
You spent 1051 gold pieces at shops.

Inventory:

Hand Weapons
 L - the +0 war axe of Okawaru, Destroying {flame, *Rage rPois Dex+2 SInv}
   (Okawaru gifted it to you on level 11 of the Dungeon)

   Dex:       It affects your dexterity (+2).
   rPois:     It protects you from poison.
   SInv:      It lets you see invisible.
   *Rage:     It berserks you when you make melee attacks (+20% chance).
 R - a +5 broad axe of freezing (weapon)
 V - the +8 war axe "Durghin" {heavy, rC++ Int-5}
   (You found it in a Gauntlet)

   Int:       It affects your intelligence (-5).
   rC:        It greatly protects you from cold.
Missiles
 s - a throwing net
 D - 7 atropa-tipped darts
 E - 31 boomerangs (quivered)
 F - 33 poisoned darts
 N - 9 silver javelins
 P - 5 javelins
 U - 9 datura-tipped darts
 Y - 8 curare-tipped darts
Armour
 a - a +4 plate armour (worn)
 c - a +2 kite shield of poison resistance (worn)
 u - the +1 pair of gloves of Trial and Error (worn) {Dex+2}
   (Okawaru gifted it to you on level 2 of the Orcish Mines)

   Dex:       It affects your dexterity (+2).
 A - the +1 cloak "Olevvydulu" (worn) {Int+3 Stlth-}
   (You found it in a Gauntlet)

   Int:       It affects your intelligence (+3).
   Stlth:     It makes you less stealthy.
 T - a +2 hat of willpower (worn)
Jewellery
 d - a +4 ring of protection
 g - the ring of Dazoupne (left hand) {AC+4 Int+4}
   (You found it in a Gauntlet)

   [ring of protection]

   AC:        It affects your AC (+4).
   Int:       It affects your intelligence (+4).
 O - a ring of protection from fire (right hand)
 S - an amulet of regeneration (around neck)
 W - the ring of Mety {rC+ Will+}
   (You bought it in a shop on level 10 of the Dungeon)

   [ring of protection from cold]

   rC:        It protects you from cold.
   Will:      It increases your willpower.
Wands
 H - a wand of roots (23)
 I - a wand of quicksilver (17)
Scrolls
 b - 2 scrolls of butterflies {unknown}
 j - 5 scrolls of immolation
 m - 4 scrolls of poison
 o - 4 scrolls of teleportation
 q - 9 scrolls of fear
 r - 4 scrolls of magic mapping
 v - 6 scrolls of blinking
 y - 2 scrolls of silence
 B - 3 scrolls of torment
 C - 2 scrolls of vulnerability
 J - 8 scrolls of fog
 X - 10 scrolls of identify
Potions
 e - 4 potions of cancellation
 f - 4 potions of ambrosia
 h - 22 potions of curing
 i - 3 potions of lignification
 l - 2 potions of resistance
 n - 7 potions of haste
 p - 6 potions of heal wounds
 t - 3 potions of attraction
 w - a potion of flight
 x - 4 potions of berserk rage
 z - a potion of experience {unknown}
 G - 4 potions of mutation {unknown}
 K - 2 potions of brilliance {unknown}
 M - 2 potions of degeneration {unknown}
 Q - 3 potions of magic {unknown}
 Z - 4 potions of invisibility {unknown}
Miscellaneous
 k - a phial of floods


   Skills:
 + Level 15.1 Fighting
 - Level 18.0 Axes
 + Level 11.2 Throwing
 + Level 14.9 Armour
 - Level 4.0 Dodging
 - Level 15.0 Shields
 - Level 12.0 Invocations


You had 15 spell levels left.
You didn't know any spells.
Your spell library contained the following spells:

 Spells                   Type           Power      Damage    Failure   Level
 Magic Dart               Conj           0%         1d3       96%         1
 Necrotise                Necr           0%         1d4       96%         1
 Sandblast                Erth           0%         2d4       96%         1
 Shock                    Conj/Air       0%         1d3       96%         1
 Slow                     Hex            0%         N/A       96%         1
 Sting                    Tmut/Pois      0%         1d3       96%         1
 Passwall                 Tmut/Erth      0%         N/A       99%         2
 Poisonous Vapours        Pois/Air       0%         N/A       99%         2
 Searing Ray              Conj           0%         2d4       99%         2
 Sublimation of Blood     Necr           0%         N/A       99%         2
 Confusing Touch          Hex            0%         N/A       100%        3
 Ozocubu's Armour         Ice            0%         N/A       100%        3
 Portal Projectile        Hex/Tloc       0%         N/A       100%        3
 Stone Arrow              Conj/Erth      0%         3d7       100%        3
 Swiftness                Air            0%         N/A       100%        3
 Vampiric Draining        Necr           0%         2d6       100%        3
 Airstrike                Air            0%         2d(0-16)  100%        4
 Fulminant Prism          Conj/Hex       0%         3d5       100%        4
 Olgreb's Toxic Radiance  Pois           0%         N/A       100%        4
 Petrify                  Tmut/Erth      0%         N/A       100%        4
 Agony                    Necr           0%         N/A       100%        5
 Blade Hands              Tmut           0%         N/A       100%        5
 Irradiate                Conj/Tmut      0%         3d11      100%        5
 Metabolic Englaciation   Hex/Ice        0%         N/A       100%        5
 Eringya's Noxious Bog    Tmut/Pois      0%         N/A       100%        6
 Ozocubu's Refrigeration  Ice            0%         4d7       100%        7
 Tukima's Dance           Hex            Unusable   N/A       N/A         3
 Summon Forest            Summ/Tloc      Unusable   N/A       N/A         5
 Simulacrum               Ice/Necr       Unusable   N/A       N/A         6
 Summon Hydra             Summ           Unusable   N/A       N/A         7

Dungeon Overview and Level Annotations

Branches:
Dungeon (15/15)            Temple (1/1) D:7            Lair (5/5) D:11
 Shoals (0/4) Lair:3        Snake (2/4) Lair:3        Slime (0/5) Lair:4
    Orc (2/2) D:10            Elf (0/3) Orc:2        Vaults (0/5) D:13
 Depths (0/4) D:15         Bailey (visited)           IceCv (visited)
Gauntlet (visited)

Altars:
Ashenzari
Cheibriados
Dithmenos
Elyvilon
Fedhas
Gozag
Hepliaklqana
Kikubaaqudgha
Makhleb
Nemelex Xobeh
Okawaru
Qazlal
Ru
Sif Muna
Trog
Uskayaw
Vehumet
Wu Jian
Xom
Yredelemnul
Zin
The Shining One
Jiyva

Shops:
D:2 =   D:3 !   D:4 !   D:5 :   D:6 (   D:9 *   D:10 =   Orc:2 (=(?

Annotations:
D:4 exclusion: statue
D:8 2 transporters
D:10 2 transporters, PirateVox's ghost, journeyman SpAE
D:11 1 runed translucent door, seandewar5's ghost, journeyman GnWn
D:14 1 runed translucent door, Laowois's ghost, journeyman MiBe
D:15 1 runed translucent door, exclusion: orange crystal statue
Lair:1 1 runed translucent door, Beischinu's ghost, journeyman MiFi
Lair:2 exclusion: 3 oklob plants
Lair:5 2 runed translucent doors


Innate Abilities, Weirdness & Mutations

You have a pair of horns on your head.
You reflexively headbutt those who attack you in melee.


Message History

You slash the shock serpent! You freeze the shock serpent.
The shock serpent's electric aura discharges, shocking you!
The shock serpent bites you but does no damage.
You miss the shock serpent.
The shock serpent is heavily wounded.
The shock serpent bites you. The shock serpent shocks you!
You barely miss the shock serpent.
The shock serpent is heavily wounded.
The shock serpent shoots out a bolt of lightning at you!
The bolt of electricity hits you!! The bolt of electricity hits you!
The bolt of electricity hits the shock serpent.
The shock serpent completely resists.
You barely miss the shock serpent.
The shock serpent is heavily wounded.
The shock serpent shoots out a bolt of lightning at you!
The bolt of electricity hits you!! The bolt of electricity hits you!
The bolt of electricity misses the shock serpent.
You are too injured to fight recklessly!
You are too injured to fight recklessly!
The shock serpent bites you. The shock serpent shocks you!
The shock serpent shoots out a bolt of lightning at you!
The bolt of electricity hits you! x2
* * * LOW HITPOINT WARNING * * *
You see here an anaconda corpse.
You are too injured to fight recklessly!
You hit the shock serpent. You freeze the shock serpent.
The shock serpent is heavily wounded.
You block the shock serpent's attack.
Unknown command.
You miss the shock serpent. Your headbutt misses the shock serpent.
The shock serpent is heavily wounded.
You block the shock serpent's attack.
You closely miss the shock serpent. You headbutt the shock serpent!!
The shock serpent is severely wounded.
The shock serpent's electric aura discharges, shocking you!
The shock serpent shoots out a bolt of lightning at you!
The bolt of electricity hits you!!
* * * LOW HITPOINT WARNING * * *
The bolt of electricity hits you!
You die...

..........####.........
.##......## #.....(..##
.###...### ##.........
..####.# #........#
...# #..######.......##
..## ###.......#.....#
.## . ##.#####.##...#
###.. #..#..## ##...
#S@..## #....
#.##.....# .......##
#.........# ........#
#.........#
#.......##..##.##.....
........###.### ##....
#........##.# ##..#
#........##.# ...
#........##.#


You could see a shock serpent.

Vanquished Creatures
  Rupert (D:14)
  Gastronok (D:9)
  Agnes (D:14)
  A nagaraja (Snake:1)
  An azure jelly (D:13)
  2 frost giants (IceCv)
  A minotaur (Gauntlet)
  A white draconian (IceCv)
  A dire elephant (Gauntlet)
  A fire dragon (D:14)
  Josephine (Orc:1)
  Fannar (Orc:1)
  8 ice dragons (IceCv)
  A catoblepas (Lair:3)
  4 hydras
  8 vault guards
  Erica (D:9)
  3 centaur warriors
  6 ironbound frosthearts (IceCv)
  6 boulder beetles
  2 two-headed ogres
  5 naga warriors
  6 death yaks
  2 anacondas
  5 orc high priests (Orc:2)
  4 naga sharpshooters
  A fire crab (Lair:5)
  2 skysharks
  8 orc knights
  A necromancer (D:15)
  2 orange crystal statues
  2 deep elf pyromancers
  16 ugly things
  An oklob plant (Lair:2)
  2 orc sorcerers (D:15)
  3 cyclopes
  4 manticores
  A moth of wrath (Gauntlet)
  A salamander (Snake:2)
  13 black mambas
  35 elephants
  9 naga magi
  2 centaur skeletons (D:15)
  3 molten gargoyles (Lair:5)
  3 unseen horrors (D:11)
  11 cane toads
  Maggie (D:7)
  Psyche (D:11)
  2 kobold demonologists
  10 komodo dragons
  An efreet (D:15)
  10 rime drakes
  3 freezing wraiths (D:14)
  A tengu conjurer (D:13)
  8 trolls
  A queen bee (Lair:2)
  12 polar bears
  A wind drake (Lair:3)
  10 blink frogs (Lair:2)
  Grinder (D:6)
  7 dream sheep (Lair:5)
  9 slime creatures
  A shadow (D:13)
  A vampire (D:11)
  A water elemental (D:12)
  5 wraiths
  7 wyverns
  A centaur simulacrum (D:15)
  29 yaks
  2 steam dragons
  7 basilisks
  A human (D:10)
  3 vampire mosquitoes (D:14)
  Menkaure (D:7)
  6 wargs
  21 nagas
  3 acid dragons
  8 water moccasins
  3 hell hounds (Lair:5)
  3 sky beasts (D:7)
  45 orc warriors
  2 black bears
  8 ogres
  6 centaurs
  33 wolves
  6 kobold brigands (Bailey)
  5 scorpions
  15 bullfrogs
  A gnoll sergeant (D:10)
  10 wights
  34 killer bees (Lair:2)
  3 howler monkeys
  2 electric eels
  5 lava snakes (Lair:5)
  A jelly (D:6)
  3 hounds (D:5)
  34 orc priests
  2 gnoll boudas
  Terence (D:2)
  4 iguanas
  3 sleepcaps
  Natasha (thrice) (D:3)
  23 orc wizards
  A boggart skeleton (D:15)
  16 gnolls
  8 adders
  2 river rats (Lair:2)
  A shadow imp (D:7)
  An ufetubus (D:7)
  3 worms
  2 dart slugs
  124 orcs
  2 bats
  8 endoplasms
  6 giant cockroaches
  13 goblins
  10 hobgoblins
  3 quokkas
  6 ball pythons
  3 frilled lizards
  15 kobolds
  9 rats
857 creatures vanquished.

Vanquished Creatures (others)
  A rime drake (IceCv)
  A wyvern (Lair:5)
  An orc (Orc:1)
3 creatures vanquished.

Grand Total: 860 creatures vanquished

Notes
Turn   | Place    | Note
-------+----------+-------------------------------------------
     0 | D:1      | MacCMillion the Minotaur Fighter began the quest for the
                  | Orb.
     0 | D:1      | Reached XP level 1. HP: 19/19 MP: 0/0
   220 | D:1      | Reached XP level 2. HP: 26/26 MP: 1/1
   233 | D:1      | Reached skill level 3 in Axes
   795 | D:2      | Noticed Terence
   802 | D:2      | Killed Terence
   803 | D:2      | Reached skill level 4 in Axes
   803 | D:2      | Reached skill level 1 in Dodging
   803 | D:2      | Reached XP level 3. HP: 30/31 MP: 2/2
   886 | D:2      | Reached XP level 4. HP: 39/39 MP: 3/3
  1134 | D:2      | Found Apsus's Jewellery Shop.
  1514 | D:3      | Noticed Natasha
  1519 | D:3      | Killed Natasha
  1746 | D:3      | Reached skill level 5 in Axes
  1746 | D:3      | Reached XP level 5. HP: 45/45 MP: 4/4
  2055 | D:3      | Found Utaini's Distillery.
  2141 | D:3      | Noticed Natasha
  2150 | D:3      | Killed Natasha
  2157 | D:3      | Found a faded altar of an unknown god.
  2216 | D:3      | Noticed Natasha
  2223 | D:3      | Killed Natasha
  2295 | D:3      | Bought a potion of curing for 42 gold pieces
  2295 | D:3      | Bought a potion of heal wounds for 70 gold pieces
  2370 | D:4      | Reached skill level 6 in Axes
  2378 | D:4      | Found a radiant altar of Vehumet.
  2378 | D:4      | Noticed a frost-covered statue
  2597 | D:4      | Found Xutto's Distillery.
  2668 | D:4      | Noticed a black bear
  2675 | D:4      | Killed a black bear
  2676 | D:4      | Reached skill level 7 in Axes
  2676 | D:4      | Reached XP level 6. HP: 50/51 MP: 5/5
  3031 | D:5      | Entered Level 5 of the Dungeon
  3052 | D:5      | Reached skill level 8 in Axes
  3052 | D:5      | Reached XP level 7. HP: 57/57 MP: 6/6
  3210 | D:5      | Reached skill level 9 in Axes
  3682 | D:5      | Reached skill level 10 in Axes
  3888 | D:5      | Found a basalt altar of Yredelemnul.
  3903 | D:5      | Reached XP level 8. HP: 62/66 MP: 7/7
  4054 | D:5      | Found Furgh's Book Shop.
  4190 | D:6      | Noticed Grinder
  4474 | D:6      | Killed Grinder
  4475 | D:6      | Reached skill level 5 in Fighting
  4475 | D:6      | Reached skill level 11 in Axes
  4475 | D:6      | Reached skill level 5 in Armour
  4722 | D:6      | Found Conimum's Antique Weapon Shop.
  5449 | D:7      | Found a staircase to the Ecumenical Temple.
  5460 | Temple   | Entered the Ecumenical Temple
  5554 | Temple   | Became a worshipper of Warmaster Okawaru
  5782 | D:7      | Reached XP level 9. HP: 75/75 MP: 8/8
  5892 | D:7      | Reached skill level 12 in Axes
  5938 | D:7      | Noticed Menkaure
  5953 | D:7      | Killed Menkaure
  6150 | D:7      | Reached skill level 1 in Throwing
  6223 | D:7      | Noticed Maggie
  6229 | D:7      | Reached * piety under Okawaru
  6238 | D:7      | Killed Maggie
  6685 | D:8      | Found a transporter.
  6880 | D:8      | Reached ** piety under Okawaru
  6918 | D:8      | Found a sacrificial altar of Ru.
  6980 | D:7      | Reached skill level 13 in Axes
  7249 | D:8      | Found a transporter.
  7379 | D:9      | Noticed Erica
  7401 | D:9      | HP: 3/79 [something/bolt of poison (26)]
  7407 | D:9      | Killed Erica
  7408 | D:9      | Reached skill level 1 in Invocations
  7408 | D:9      | Reached XP level 10. HP: 19/86 MP: 8/10
  7817 | D:9      | Found a stormy altar of Qazlal.
  7829 | D:9      | Noticed Gastronok
  7855 | D:9      | Killed Gastronok
  7855 | D:9      | Reached *** piety under Okawaru
  8149 | D:9      | Found a broken altar of Ashenzari.
  8149 | D:9      | Found an ancient bone altar of Kikubaaqudgha.
  8154 | D:9      | Reached skill level 14 in Axes
  8162 | D:9      | Reached **** piety under Okawaru
  8413 | D:9      | Found Estra Dilona's Mass Market.
  8828 | D:10     | Entered Level 10 of the Dungeon
  8959 | D:10     | Found a staircase to the Orcish Mines.
  9000 | D:10     | Found a transporter.
  9005 | D:10     | Noticed PirateVox's ghost (journeyman SpAE)
  9041 | D:10     | Found a transporter.
  9209 | D:10     | Found Uboupp's Jewellery Emporium.
  9217 | D:10     | Bought the ring of Mety {rC+ Will+} for 564 gold pieces
  9246 | D:10     | Found a flagged portal.
  9258 | Bailey   | Entered a bailey
  9365 | Bailey   | Noticed an orc knight
  9381 | Bailey   | Killed an orc knight
  9381 | Bailey   | Reached ***** piety under Okawaru
  9382 | Bailey   | Reached XP level 11. HP: 73/95 MP: 10/13
  9439 | Bailey   | Reached skill level 15 in Axes
  9526 | Bailey   | Found a bloodstained altar of Trog.
  9719 | D:10     | Received a gift from Okawaru
 10684 | D:11     | Reached skill level 5 in Invocations
 10747 | D:11     | Noticed a green ugly thing
 10788 | D:11     | Killed a green ugly thing
 10788 | D:11     | Identified the +0 war axe of Okawaru, Destroying {flame,
                  | *Rage rPois Dex+2 SInv} (Okawaru gifted it to you on level
                  | 11 of the Dungeon)
 10788 | D:11     | Received a gift from Okawaru
 10825 | D:11     | Found a staircase to the Lair.
 10932 | D:11     | Noticed Psyche
 10944 | D:11     | Killed Psyche
 11054 | D:11     | Noticed a boulder beetle
 11065 | D:11     | Killed a boulder beetle
 11066 | D:11     | Reached skill level 10 in Armour
 11067 | D:11     | Reached skill level 10 in Fighting
 11067 | D:11     | Reached skill level 16 in Axes
 11113 | D:11     | Noticed a boulder beetle
 11114 | D:11     | Noticed a two-headed ogre
 11114 | D:11     | Noticed a two-headed ogre
 11122 | D:11     | Reached skill level 5 in Shields
 11459 | D:10     | Found a transporter.
 11484 | D:10     | Found a transporter.
 11509 | D:10     | Found a staircase to the Orcish Mines.
 11621 | D:10     | Found Uboupp's Jewellery Emporium.
 11838 | D:11     | Found a runed translucent door.
 11838 | D:11     | Noticed seandewar5's ghost (journeyman GnWn)
 11838 | D:11     | Noticed a centaur warrior
 11923 | D:11     | Noticed a cyan ugly thing
 11939 | D:11     | Killed a cyan ugly thing
 12421 | D:11     | Reached ****** piety under Okawaru
 12422 | D:11     | Reached XP level 12. HP: 105/106 MP: 16/16
 12447 | D:11     | Killed a boulder beetle
 12763 | D:11     | Noticed a boulder beetle
 12775 | D:11     | Killed a boulder beetle
 12835 | Lair:1   | Entered Level 1 of the Lair of Beasts
 13036 | Lair:1   | Noticed a death yak
 13036 | Lair:1   | Noticed a death yak
 13036 | Lair:1   | Noticed a death yak
 13036 | Lair:1   | Noticed a death yak
 13037 | Lair:1   | Noticed a death yak
 13038 | Lair:1   | Noticed a death yak
 13426 | Lair:1   | Killed a death yak
 13426 | Lair:1   | Received a gift from Okawaru
 13926 | Lair:1   | Found a runed translucent door.
 13929 | Lair:1   | Noticed Beischinu's ghost (journeyman MiFi)
 14196 | Lair:1   | Killed a death yak
 14205 | Lair:1   | Killed a death yak
 14205 | Lair:1   | Identified the +3 buckler of Riergh {rPois Stlth+} (Okawaru
                  | gifted it to you on level 1 of the Lair of Beasts)
 14205 | Lair:1   | Received a gift from Okawaru
 15043 | Lair:2   | Reached skill level 10 in Shields
 15125 | Lair:1   | Killed a death yak
 15140 | Lair:2   | Killed a death yak
 15274 | Lair:2   | Found a gate leading to a gauntlet.
 15283 | Gauntlet | Entered a Gauntlet
 15283 | Gauntlet | Found a transporter.
 15283 | Gauntlet | Found a transporter.
 15287 | Gauntlet | Found a transporter.
 15287 | Gauntlet | Found a transporter.
 15296 | Gauntlet | Found a transporter.
 15313 | Gauntlet | Noticed a green death
 15316 | Gauntlet | Found the ring of the Octopus King
 15317 | Gauntlet | Found a transporter.
 15325 | Gauntlet | Found a transporter.
 15325 | Gauntlet | Found a transporter.
 15329 | Gauntlet | Found a transporter.
 15356 | Gauntlet | Found a transporter.
 15363 | Gauntlet | Found a transporter.
 15381 | Gauntlet | Found a transporter.
 15427 | Gauntlet | Found a transporter.
 15436 | Gauntlet | Noticed a dire elephant
 15441 | Gauntlet | Found a transporter.
 15541 | Gauntlet | Found a transporter.
 15557 | Gauntlet | Found a transporter.
 15654 | Gauntlet | Reached skill level 17 in Axes
 15696 | Gauntlet | Killed a dire elephant
 15699 | Gauntlet | Identified the +1 cloak "Olevvydulu" {Int+3 Stlth-}
 15748 | Gauntlet | Identified the ring of Dazoupne {AC+4 Int+4}
 15755 | Gauntlet | Identified the +8 war axe "Durghin" {heavy, rC++ Int-5}
 15898 | Gauntlet | Noticed a minotaur
 15908 | Gauntlet | Killed a minotaur
 16243 | Lair:2   | Reached skill level 18 in Axes
 16278 | Lair:2   | Reached XP level 13. HP: 113/113 MP: 18/18
 16427 | Lair:2   | Reached skill level 5 in Throwing
 16450 | Lair:2   | Received a gift from Okawaru
 16644 | Lair:2   | Received a gift from Okawaru
 17579 | Lair:3   | Found a staircase to the Shoals.
 17878 | Lair:3   | Received a gift from Okawaru
 18017 | Lair:3   | Found a staircase to the Snake Pit.
 18119 | Lair:3   | Identified the +3 ring mail "Diptif" {Int+2} (Okawaru
                  | gifted it to you on level 3 of the Lair of Beasts)
 18119 | Lair:3   | Received a gift from Okawaru
 18562 | Lair:4   | Reached XP level 14. HP: 113/121 MP: 19/19
 18586 | Lair:4   | You fall into a shaft and drop 1 floor!
 18586 | Lair:5   | Entered Level 5 of the Lair of Beasts
 18879 | Lair:4   | Found a viscous altar of Jiyva.
 18879 | Lair:4   | Found a staircase to the Slime Pits.
 19382 | Lair:4   | Identified a scroll of acquirement
 19383 | Lair:4   | Acquired 976 gold pieces
 20055 | Lair:5   | Reached skill level 10 in Throwing
 20119 | Lair:5   | Received a gift from Okawaru
 20120 | Lair:5   | Reached skill level 15 in Shields
 20700 | Lair:5   | Found a large runed translucent door.
 20701 | Lair:5   | Found a large runed translucent door.
 21153 | Orc:1    | Entered Level 1 of the Orcish Mines
 21263 | Orc:2    | Entered Level 2 of the Orcish Mines
 21935 | Orc:2    | Found a staircase to the Elven Halls.
 22317 | Orc:1    | Noticed Josephine
 22338 | Orc:1    | Killed Josephine
 22717 | Orc:1    | Noticed Fannar
 22727 | Orc:1    | Killed Fannar
 23652 | Orc:2    | Identified the +1 pair of gloves of Trial and Error {Dex+2}
                  | (Okawaru gifted it to you on level 2 of the Orcish Mines)
 23652 | Orc:2    | Received a gift from Okawaru
 23657 | Orc:2    | Reached XP level 15. HP: 114/130 MP: 21/21
 23974 | Orc:2    | Found Qerah's Magic Scroll Shop.
 23976 | Orc:2    | Found Orgheosoa's Weapon Shop.
 23988 | Orc:2    | Found Hodekell's Jewellery Boutique.
 23989 | Orc:2    | Found Gextoz's Weapon Shop.
 25237 | D:13     | Identified the +7 trident "Eprubop" {protect, rF+ rC+ Str+3
                  | Int-2}
 25356 | D:13     | Reached skill level 10 in Invocations
 25728 | D:13     | Found a gate to the Vaults.
 26047 | D:14     | Found a frozen archway.
 26047 | D:14     | Noticed an azure jelly
 26063 | D:13     | Killed an azure jelly
 26119 | IceCv    | Entered an ice cave
 26207 | IceCv    | Received a gift from Okawaru
 26302 | IceCv    | Received a gift from Okawaru
 26528 | IceCv    | Noticed a frost giant
 26528 | IceCv    | Noticed a frost giant
 26587 | IceCv    | Killed a frost giant
 26613 | IceCv    | Killed a frost giant
 27005 | D:14     | Received a gift from Okawaru
 27453 | D:14     | Found the +8 trishula "Condemnation" {holy, anguish, *Noise
                  | Fly rN+}
 27590 | D:14     | Noticed Rupert
 27598 | D:14     | Killed Rupert
 27599 | D:14     | Reached XP level 16. HP: 146/146 MP: 23/23
 27675 | D:14     | Noticed Agnes
 27690 | D:14     | HP: 7/146 [Agnes/+1 lajatang of pain (1)]
 27814 | D:14     | Found a white marble altar of Elyvilon.
 27814 | D:14     | Found a glowing golden altar of the Shining One.
 27815 | D:14     | Found a glowing silver altar of Zin.
 27848 | D:14     | Found a runed translucent door.
 27849 | D:14     | Noticed Laowois's ghost (journeyman MiBe)
 27852 | D:14     | Identified the +10 trident of the Everdark {flame, rF-
                  | Str+3 Int+2 Dex+2}
 27922 | D:14     | Killed Agnes
 28186 | D:15     | Entered Level 15 of the Dungeon
 28824 | D:15     | Found a staircase to the Depths.
 29131 | D:15     | Found a runed translucent door.
 29197 | D:15     | Found the +0 pair of fencer's gloves {Riposte Dex+3}
 29907 | D:10     | Bought a ring of protection from fire for 375 gold pieces
 30061 | Snake:1  | Entered Level 1 of the Snake Pit
 30077 | Snake:1  | Received a gift from Okawaru
 31749 | Snake:2  | Reached skill level 15 in Fighting
 32075 | Snake:2  | Received a gift from Okawaru
 32094 | Snake:2  | Killed from afar by a shock serpent

Illustrated notes

Levels and vault maps discovered:
D:1:      lemuel_arrival_broad_hall, layout_basic, palyth_stone_intersect
D:2:      layout_basic, serial_shops, shop, minmay_splitting_lines, uniq_terence
D:3:      minmay_recursive_quarters, layout_basic,
          shapermc_ecumenical_altar_notcrosses, serial_shops,
          nicolae_shop_back_alley_shop, uniq_natasha
D:4:      nicolae_cairo_tiling_very_big, layout_gridville, vehumet_statue,
          serial_shops, nicolae_shop_hallway_stairs, dreamdust_wishing_well
D:5:      layout_rooms, mainiacjoe_overflow_24_doors, serial_shops, shop
D:6:      layout_basic, serial_shops, kennysheep_mini,
          nicolae_concentric_dashed_squares_wild, uniq_grinder
D:7:      layout_loops_ring, temple_fountains, uniq_menkaure, uniq_maggie
D:8:      layout_gridville, nicolae_ru_path_of_blood,
          chequers_serial_rivers_small_a, nicolae_diode_stairs
D:9:      layout_loops_ring, jmf_multi_god_temple, kennysheep_mini_moat,
          minmay_misc_feat_nine_boxes, minmay_shop_mass, uniq_erica,
          uniq_gastronok
D:10:     layout_roguey, erik_orc_4, serial_shops, shop, special_room
          [special_room_orc], enter_bailey_3, gammafunk_ghost_stat_death,
          hangedman_abyss_or_decor_passed
D:11:     layout_irregular_city, due_lair_maze_entry_diamond,
          ebering_ghost_inner_flame, nrook_mini_vaults, kennysheep_kite_vault,
          uniq_psyche
D:12:     layout_roguey, nicolae_lava_and_water
D:13:     layout_cave_pools, erik_vaults_2
D:14:     layout_loops_corners, portal_ice_cave_entry_frozen_things,
          ebering_ghost_funeral_grove, good_gods_temple_1, uniq_agnes,
          uniq_rupert
D:15:     grunt_enter_depths_magical_seal, layout_layer_cave,
          hangedman_decor_peaks_small, minmay_crystal_box
Temple:   nicolae_temple_superstar
Lair:1:   layout_roguey, ebering_ghost_reflecting_pool,
          dreamdust_mushroom_princess, minmay_holes, grunt_megastairs_1
Lair:2:   hangedman_what_comes_after_a, layout_cave_pods, gauntlet_entry_generic
Lair:3:   layout_cellular_growth, minmay_shoals_entry_beasts,
          guppyfry_snake_entry_island, beast_lair_carwin_9
Lair:4:   layout_small_grid, dpeg_slime_entry_corner, infiniplex_staircase_pool,
          grunt_megastairs_2
Lair:5:   cheibrodos_lair_end_hotspot, layout_regular_city
Snake:1:  layout_grid_shapes
Snake:2:  layout_chambers
Orc:1:    layout_caves, david_defended_altar_orc, uniq_josephine, uniq_fannar
Orc:2:    st_orc_pillars, layout_caves, minmay_orc_temple_a

Skill      XL: |  1  2  3  4  5  6  7  8  9 10 11 12 13 14 15 16 |
---------------+-------------------------------------------------+-----
Shields        | 4 6 10 13 15 | 15.0
Axes           | 4 5 7 8 10 11 13 14 16 18 | 18.0
Dodging        | 1 2 3 4 |  4.0
Armour         | 4 6 7 9 10 11 14 | 14.9
Fighting       | 4 6 7 8 10 11 14 15 | 15.1
Throwing       | 2 3 8 10 11 | 11.2
Invocations    | 1 4 6 8 9 11 12 | 12.0

Action                     |  1- 3 |  4- 6 |  7- 9 | 10-12 | 13-15 | 16-18 || total
---------------------------+-------+-------+-------+-------+-------+-------++-------
  Melee: War axe           |    59 |   130 |   223 |   343 |   894 |     7 ||  1656
         Headbutt          |     7 |    15 |    50 |   141 |   189 |    79 ||   481
         Hand axe          |       |       |    42 |   150 |       |       ||   192
         Broad axe         |       |       |       |    97 |    45 |   295 ||   437
  Throw: Dart              |       |       |    11 |    13 |     8 |     4 ||    36
         Boomerang         |       |       |       |    24 |    33 |       ||    57
         Javelin           |       |       |       |       |    15 |       ||    15
         Throwing net      |       |       |       |       |     1 |       ||     1
 Invoke: Heroism           |       |       |       |     4 |       |     1 ||     5
         Finesse           |       |       |       |     1 |       |       ||     1
    Use: Potion            |       |       |     4 |     1 |     1 |     1 ||     7
         Scroll            |       |       |    10 |    13 |     9 |     3 ||    35
 Armour: Scale mail        |    11 |       |       |       |       |       ||    11
         Chain mail        |    21 |    74 |   113 |    88 |       |       ||   296
         Plate armour      |       |       |       |   222 |   681 |    94 ||   997
         Swamp dragon scal |       |       |       |     7 |       |    21 ||    28
  Dodge: Dodged            |    21 |    47 |    91 |   174 |   320 |    57 ||   710
  Block: Buckler           |    10 |    16 |    41 |   139 |   250 |       ||   456
         Kite shield       |       |       |       |       |   423 |   186 ||   609
